Map: Cyber Forest LE

Players

Sem

  • Race: Protoss Protoss
  • League: Diamond
  • Spawn Location: 11:00

Smeeeger - Winner!

  • Race: Zerg Zerg
  • League: Platinum
  • Spawn Location: 5:00

VOD

Have the link to the VOD?

Description

Time

  • Played on: Aug. 3, 2019, 7:25 p.m.
  • Length: 7:46
Show
View Real Time Build Order
Export as new Build Order

Sem Protoss 

Build Orders: 1 Gate Expand 

Get SALT Encoding   

  12  0:01  Probe  
  13  0:13  Probe  
  14  0:24  Pylon  
  14  0:25  Probe  
  15  0:38  Probe  
  16  0:45  Gateway  
  16  0:46  Probe  
  16  0:53  Assimilator  
  16  0:56  Probe  
  18  1:08  Probe  
  19  1:20  Probe  
  20  1:32  Probe  
  21  1:41  Nexus  
  21  1:44  Probe  
  22  1:56  Probe  
  22  1:57  Cybernetics Core  
  23  2:02  Assimilator  
  23  2:09  Pylon  
  23  2:27  Probe  
  23  2:29  Pylon  
  24  2:39  Probe  
  24  2:42  Robotics Facility  
  25  2:46  Adept  
  25  2:51  Probe, Pylon  
  27  3:18  Gateway  
  27  3:20  Gateway  
  27  3:29  Adept  
  29  3:35  Probe  
  29  3:36  Probe  
  29  3:38  Warp Gate  
  31  3:47  Probe  
  32  3:54  Assimilator  
  32  3:55  Assimilator  
  32  3:57  Probe  
  32  4:00  Probe  
  34  4:06  Immortal  
  34  4:09  Probe  
  39  4:12  Probe  
  39  4:15  Adept  
  42  4:20  Adept  
  44  4:25  Adept  
  46  4:42  Probe x2  
  48  4:54  Probe  
  37  5:09  Adept x3, Pylon  
  33  5:39  Adept x2  
  37  5:50  Probe x2  
  37  5:52  Adept  
  19  6:41  Probe  
  19  6:42  Probe, Stalker x3  
  27  6:49  Probe  
  27  6:50  Probe  
  28  6:58  Shield Battery  
  28  6:59  Probe x2  
  27  7:16  Sentry  
  27  7:17  Sentry  
  22  7:31  Stalker  
Show
View Real Time Build Order
Export as new Build Order

Smeeeger Zerg - Winner!

Build Orders: Hatch First 

Get SALT Encoding   

  12  0:01  Drone  
  13  0:14  Overlord  
  13  0:18  Drone  
  14  0:32  Drone x2  
  16  0:36  Drone  
  17  0:47  Drone  
  18  0:57  Hatchery  
  18  1:01  Drone  
  18  1:02  Extractor  
  17  1:15  Spawning Pool  
  17  1:17  Drone  
  17  1:21  Drone  
  18  1:30  Drone  
  19  1:42  Overlord  
  19  1:51  Drone  
  20  2:02  Queen  
  20  2:04  Zergling x2  
  23  2:09  Queen  
  23  2:10  Zergling x2  
  23  2:15  Metabolic Boost  
  26  2:22  Drone x2  
  28  2:25  Drone  
  29  2:38  Drone, Queen  
  29  2:42  Overlord  
  32  2:44  Queen  
  34  2:51  Drone x2  
  34  2:53  Overlord  
  36  3:17  Drone x5  
  36  3:18  Drone x2  
  41  3:38  Hatchery, Drone x2  
  41  3:39  Drone  
  43  3:43  Roach Warren, Lair  
  43  3:44  Drone  
  43  3:45  Drone  
  44  3:58  Drone x2, Evolution Chamber  
  44  4:01  Extractor  
  44  4:03  Extractor  
  43  4:11  Zergling x16  
  51  4:21  Overlord  
  51  4:32  Zerg Missile Weapons Level 1  
  51  4:36  Overlord  
  51  4:40  Drone  
  51  4:41  Drone x2  
  51  4:42  Drone x3  
  55  4:56  Zergling x2  
  55  4:57  Zergling x2  
  55  4:58  Roach x3  
  62  5:12  Drone x3  
  65  5:18  Glial Reconstitution  
  65  5:21  Drone x6  
  66  5:26  Queen  
  72  5:33  Roach  
  72  5:34  Overlord  
  72  5:35  Overlord  
  70  5:36  Overlord  
  70  5:38  Roach x2  
  74  5:52  Queen  
  74  5:53  Roach x7  
  74  5:55  Roach  
  92  6:03  Drone x4  
  96  6:10  Queen  
  98  6:16  Overlord, Extractor  
  98  6:17  Overlord x2  
  94  6:28  Queen  
  94  6:32  Roach  
  97  6:35  Drone x2  
  97  6:36  Drone  
  101  6:40  Drone x6  
  101  6:41  Drone  
  101  6:43  Extractor  
  101  6:45  Extractor  
  105  6:47  Overlord x3  
  105  6:51  Ravager x3  
  105  6:52  Ravager  
  109  6:54  Zergling x10  
  109  6:55  Hatchery, Zergling x6  
  109  7:00  Drone  
  117  7:01  Baneling Nest  
  117  7:02  Pneumatized Carapace  
  117  7:04  Drone x2  
  122  7:41  Hydralisk Den  
Tags
 
Add a new tag
Caveats
  • Supply blocks, unpowered buildings, or Contaminate may cause inaccurate times.
  • Supply counts are checked every 10 seconds.